 Dungeon Sprint DCSS version 0.21-a0-286-g6fcecc0 (webtiles) character file.

132 potatolord6000 the Magician (level 4, -30/24 HPs)
             Began as a Deep Elf Fire Elementalist on Sept 26, 2017.
             Was a Follower of Vehumet.
             Killed from afar by a worker ant (53 damage)
             ... with an exploding inner flame
             ... hexed by the player character
             ... in the Dungeon (Sprint VII: "The Pits").
             The game lasted 00:01:53 (351 turns).

potatolord6000 the Magician (DEFE)                   Turns: 351, Time: 00:01:54

Health: -30/24     AC:  2    Str:  5    XL:     4   Next: 92%
Magic:  9/14       EV: 15    Int: 21    God:    Vehumet [*.....]
Gold:   0          SH:  0    Dex: 15    Spells: 5/15 levels left

rFire    . . .     SeeInvis .   f - +2 dagger
rCold    . . .     Gourm    .   (no shield)
rNeg     . . .     Faith    .   a - +0 robe
rPois    .         Spirit   .   (no helmet)
rElec    .         Reflect  .   (no cloak)
rCorr    .         Harm     .   (no gloves)
MR       .....     NoTele   +   (no boots)
Stlth    +++.......             (no amulet)
HPRegen  0.08/turn              (no ring)
MPRegen  0.14/turn              (no ring)

@: lethally poisoned (-30 -> -37), very slightly contaminated
A: no striking features
a: Renounce Religion


You were in the Dungeon.
You worshipped Vehumet.
Vehumet was aware of your devotion.
You were not hungry.

You visited 1 branch

Inventory:

Hand Weapons
 f - a +2 dagger (weapon)
Armour
 a - a +0 robe (worn)
Scrolls
 k - 3 scrolls of remove curse
 l - 5 scrolls of amnesia
Potions
 d - a potion of curing
 e - a potion of heal wounds
 g - 4 potions of magic
 h - 2 potions of berserk rage
 j - 2 potions of invisibility
Books
 b - a book of Flames

   Spells                             Type                      Level
   a - Flame Tongue                   Conjuration/Fire             1
   b - Throw Flame                    Conjuration/Fire             2
   c - Conjure Flame                  Conjuration/Fire             3
   d - Inner Flame                    Hexes/Fire                   3
   e - Sticky Flame                   Conjuration/Fire             4
   f - Fireball                       Conjuration/Fire             5
Comestibles
 c - 8 bread rations
 n - 40 fruits
 o - 7 meat rations


   Skills:
 + Level 5.7 Dodging
 + Level 6.2 Stealth
 + Level 6.4 Spellcasting
 + Level 4.7 Conjurations
 + Level 5.7 Fire Magic


You had 5 spell levels left.
You knew the following spells:

 Your Spells              Type           Power        Failure   Level  Hunger
a - Flame Tongue          Conj/Fire      ####.        1%          1    None
b - Throw Flame           Conj/Fire      ####..       1%          2    None
c - Sticky Flame          Conj/Fire      ####....     11%         4    ###....
d - Inner Flame           Hex/Fire       ###.....     9%          3    #......


Dungeon Overview and Level Annotations

Branches:
Dungeon (1/1)

Altars:
Ashenzari
Cheibriados
Dithmenos
Elyvilon
Fedhas
Gozag
Hepliaklqana
Kikubaaqudgha
Makhleb
Nemelex Xobeh
Okawaru
Qazlal
Ru
Sif Muna
Trog
Uskayaw
Vehumet
Wu Jian
Xom
Yredelemnul
Zin
The Shining One
Beogh
Jiyva
Lugonu


Message History

Unknown command.
Unknown command.
Unknown command.
Casting: Flame Tongue
Confirm with . or Enter, or press ? or * to list all spells.
Okay, then.
As you read the scroll of summoning, it crumbles to dust.
Wisps of shadow whirl around you...
The ooze quivers.
The worker ant barely misses you. The ooze closely misses you.
The worker ant bites you.
You are poisoned.
The worker ant poisons you!
Your small abomination hits the worker ant!
The worker ant explodes!
The fiery explosion engulfs your small abomination.
Your small abomination is severely damaged.
The fiery explosion engulfs you!
Ouch! That really hurt!
You die...

#...........'.........
#+#####'#####......#..
#...#.# #.........
#...#.# ####'#####
#...'.# #.......#
##'#### #.......#
#.....# #.......#
#†§§J.#+###...<...#
#§§@...F.##.......#
#x§x.....##.......#
###########.......#
#########


You could see a small abomination, a bullfrog (sleeping), an ooze and a friendly
small abomination.

Vanquished Creatures
  A floating eye (D)
  A worker ant (D)
  An ooze (D)
  A bat skeleton (D)
  A hobgoblin (D)
  A rat (D)
6 creatures vanquished.

Notes
Turn   | Place    | Note
-------+----------+-------------------------------------------
     0 | D        | potatolord6000 the Deep Elf Fire Elementalist began the quest for the Orb.
     0 | D        | Reached XP level 1. HP: 10/10 MP: 6/6
    11 | D        | Noticed a worker ant
    36 | D        | Killed a worker ant
    36 | D        | Reached XP level 2. HP: 5/15 MP: 1/9
    83 | D        | Found a bloodstained altar of Trog.
    83 | D        | Found a deep blue altar of Sif Muna.
    83 | D        | Found a viscous altar of Jiyva.
    83 | D        | Found a hazy altar of Hepliaklqana.
    83 | D        | Found an opulent altar of Gozag.
    84 | D        | Found a glowing golden altar of the Shining One.
    84 | D        | Found a glowing silver altar of Zin.
    84 | D        | Found a basalt altar of Yredelemnul.
    84 | D        | Found a shimmering altar of Xom.
    84 | D        | Found an ornate altar of the Wu Jian Council.
    84 | D        | Found a sacrificial altar of Ru.
    84 | D        | Found a stormy altar of Qazlal.
    84 | D        | Found an iron altar of Okawaru.
    84 | D        | Found a sparkling altar of Nemelex Xobeh.
    84 | D        | Found a burning altar of Makhleb.
    84 | D        | Found a blossoming altar of Fedhas.
    84 | D        | Found a white marble altar of Elyvilon.
    84 | D        | Found a shadowy altar of Dithmenos.
    84 | D        | Found a snail-covered altar of Cheibriados.
    86 | D        | Found a radiant altar of Vehumet.
    86 | D        | Found a corrupted altar of Lugonu.
    86 | D        | Found a roughly hewn altar of Beogh.
    88 | D        | Found an ancient bone altar of Kikubaaqudgha.
    88 | D        | Found a hide-covered altar of Uskayaw.
    88 | D        | Found a shattered altar of Ashenzari.
    98 | D        | Became a worshipper of Vehumet
   244 | D        | Learned a level 2 spell: Throw Flame
   282 | D        | Noticed a floating eye
   283 | D        | Reached * piety under Vehumet
   283 | D        | Offered knowledge of Sandblast by Vehumet.
   283 | D        | Reached XP level 3. HP: 19/19 MP: 9/11
   285 | D        | Paralysed by a floating eye for 4 turns
   289 | D        | Killed a floating eye
   289 | D        | Reached skill level 5 in Dodging
   289 | D        | Reached skill level 5 in Fire Magic
   289 | D        | Reached XP level 4. HP: 24/24 MP: 7/14
   340 | D        | Learned a level 4 spell: Sticky Flame
   344 | D        | Learned a level 3 spell: Inner Flame
   348 | D        | Noticed a bullfrog
   351 | D        | Killed from afar by a worker ant

Vault maps used:
D:        pitsprint

Skill      XL: |  1  2  3 |
---------------+----------+-----
Dodging        | 3 4 5 |  5.7
Stealth        | 4 6 |  6.2
Spellcasting   | 4 6 |  6.4
Conjurations   | 2 4 |  4.7
Fire Magic     | 4 5 |  5.7

Action                   |  1- 3 |  4- 6 || total
-------------------------+-------+-------++-------
Melee: Unarmed           |     3 |       ||     3
 Cast: Flame Tongue      |    10 |     4 ||    14
       Throw Flame       |     1 |       ||     1
       Inner Flame       |       |     1 ||     1
  Use: Potion            |     2 |       ||     2
       Scroll            |       |     2 ||     2
Armor: Robe              |     1 |       ||     1
Dodge: Dodged            |     5 |     2 ||     7

Table legend:
 A = Spawn XP
 B = Non-spawn XP
 C = Spawn XP percentage of total XP
 D = Spawn monster count
 E = Non-spawn monster count
 F = Spawn count percentage of total count
 G = Total turns spent on level
                    A         B        C        D         E        F      G
               +---------+---------+-------+---------+---------+-------+---------
         Total |       0 |     189 |   0.0 |       0 |       6 |   0.0 |   351
               +---------+---------+-------+---------+---------+-------+---------
             D |       0 |     189 |   0.0 |       0 |       6 |   0.0 |   351
               +---------+---------+-------+---------+---------+-------+---------
